 Dungeon Crawl Stone Soup version 0.28-a0-1629-gf728b707aa (webtiles) character file.

Game seed: 10664414522951972830

10969 siradein the Destroyer (level 11, -3/69 HPs)
             Began as a Tengu Conjurer on Jan 25, 2022.
             Was a Priest of Sif Muna.
             Slain by a boulder beetle (15 damage)
             ... on level 11 of the Dungeon.
             The game lasted 01:01:06 (14745 turns).

siradein the Destroyer (Tengu Conjurer)            Turns: 14745, Time: 01:01:07

Health: -3/69      AC: 13    Str:  8    XL:     11   Next: 70%
Magic:  12/24      EV: 18    Int: 22    God:    Sif Muna [***...]
Gold:   530        SH:  0    Dex: 13    Spells: 5/26 levels left

rFire   + . .      SeeInvis +   B - +9 war axe "Jaiggaza" {holy, rPois rC++ Will+ SInv}
rCold   + + +      Faith    .   (no shield)
rNeg    . . .      Spirit   .   G - +0 troll leather armour
rPois   +          Reflect  .   (helmet restricted)
rElec   .          Harm     .   h - scarf {rC+ rF+}
rCorr   .          Rampage  .   t - +0 pair of gloves
Will    ++...                   (boots unavailable)
Stlth   ++........              F - amulet of regeneration
HPRegen 1.81/turn               r - ring of the Tortoise {AC+8}
MPRegen 0.19/turn               z - ring of willpower

@: flying quickly and evasively, quick
A: beak, talons 3, nimble flight
a: Renounce Religion, Channel Magic, Forget Spell


You were on level 11 of the Dungeon.
You worshipped Sif Muna.
Sif Muna was most pleased with you.
You visited 2 branches of the dungeon, and saw 12 of its levels.

You collected 530 gold pieces.

Inventory:

Hand Weapons
 B - the +9 war axe "Jaiggaza" (weapon) {holy, rPois rC++ Will+ SInv}
   (You found it on level 8 of the Dungeon)

   It has been blessed by the Shining One to cause great damage to the undead
   and demons.
   rC:        It greatly protects you from cold.
   rPois:     It protects you from poison.
   SInv:      It lets you see invisible.
   Will:      It increases your willpower.
Missiles
 i - 2 throwing nets
Armour
 h - a scarf of resistance (worn)
 t - a +0 pair of gloves (worn)
 G - a +0 troll leather armour (worn)
Jewellery
 r - the ring of the Tortoise (left hand) {AC+8}
   (You found it on level 4 of the Dungeon)

   [ring of protection]

   AC:        It affects your AC (+8).
 z - a ring of willpower (right hand)
 C - a ring of protection from cold
 F - an amulet of regeneration (around neck)
Wands
 q - a wand of acid (23)
 s - a wand of iceblast (21)
 D - a wand of polymorph (19)
Scrolls
 a - 2 scrolls of fog
 d - a scroll of torment
 f - 4 scrolls of amnesia
 g - 6 scrolls of fear
 j - 7 scrolls of teleportation
 m - 2 scrolls of blinking
 p - a scroll of enchant armour
 u - 2 scrolls of summoning {unknown}
 v - a scroll of vulnerability {unknown}
 w - 2 scrolls of magic mapping {unknown}
 x - 2 scrolls of silence {unknown}
 y - 3 scrolls of enchant weapon {unknown}
 A - a scroll of immolation {unknown}
Potions
 b - 2 potions of lignification
 c - 4 potions of brilliance
 e - a potion of haste {unknown}
 k - a potion of flight {unknown}
 l - a potion of invisibility {unknown}
 n - 2 potions of magic {unknown}
 o - a potion of curing {unknown}
 E - a potion of degeneration {unknown}


   Skills:
 + Level 8.3 Fighting
 + Level 9.6 Dodging
 - Level 2.0 Stealth
 + Level 8.0 Spellcasting
 + Level 12.1 Conjurations
 + Level 1.5 Air Magic
 + Level 6.2 Invocations


You had 5 spell levels left.
You knew the following spells:

 Your Spells              Type           Power      Damage    Failure   Level
a - Magic Dart            Conj           100%       1d8       1%          1
b - Searing Ray           Conj           100%       2d8       1%          2
c - Dazzling Flash        Conj/Hex       70%        N/A       2%          3
d - Fulminant Prism       Conj/Hex       17%        3d11      9%          4
e - Iskenderun's Mystic   Conj/Tloc      35%        2d8       9%          4
f - Mephitic Cloud        Conj/Pois/Air  28%        N/A       4%          3
g - Hailstorm             Conj/Ice       35%        3d9       9%          4

Your spell library contained the following spells:

 Spells                   Type           Power      Damage    Failure   Level
 Stone Arrow              Conj/Erth      70%        3d11      2%          3
 Beastly Appendage        Tmut           16%        N/A       11%         1
 Sandblast                Erth           16%        2d6       11%         1
 Slow                     Hex            32%        N/A       11%         1
 Blink                    Tloc           16%        N/A       16%         2
 Passwall                 Tmut/Erth      6%         N/A       16%         2
 Wereblood                Tmut           8%         N/A       16%         2
 Confusing Touch          Hex            8%         N/A       32%         3
 Frozen Ramparts          Ice            16%        1d3       32%         3
 Inner Flame              Hex/Fire       8%         N/A       32%         3
 Lesser Beckoning         Tloc           8%         N/A       32%         3
 Portal Projectile        Hex/Tloc       16%        N/A       32%         3
 Spider Form              Tmut/Pois      8%         N/A       32%         3
 Tukima's Dance           Hex            8%         N/A       32%         3
 Vampiric Draining        Necr           8%         2d6       32%         3
 Anguish                  Hex/Necr       4%         N/A       71%         4
 Cause Fear               Hex            4%         N/A       71%         4
 Ice Form                 Ice/Tmut       8%         N/A       71%         4
 Silence                  Hex/Air        6%         N/A       91%         5
 Agony                    Necr           8%         N/A       96%         5
 Blade Hands              Tmut           4%         N/A       96%         5
 Excruciating Wounds      Necr           4%         N/A       96%         5
 Manifold Assault         Tloc           8%         N/A       96%         5
 Enfeeble                 Hex            4%         N/A       100%        7
 Discord                  Hex            4%         N/A       100%        8


Dungeon Overview and Level Annotations

Branches:
Dungeon (11/15)            Temple (1/1) D:5            Lair (0/6) D:11
    Orc (0/2) D:10

Altars:
Ashenzari
Cheibriados
Dithmenos
Elyvilon
Fedhas
Gozag
Hepliaklqana
Kikubaaqudgha
Makhleb
Nemelex Xobeh
Okawaru
Qazlal
Ru
Sif Muna
Trog
Uskayaw
Vehumet
Wu Jian
Xom
Yredelemnul
Zin
The Shining One
Beogh

Shops:
D:6 [

Annotations:
D:10 Snorg
D:11 2 runed translucent doors, jejorda2's ghost, journeyman MfBe


Innate Abilities, Weirdness & Mutations

You have a beak for a mouth.
You have claws for feet.
Your magical nature lets you fly swiftly and evasively.


Message History

The boulder beetle is severely wounded.
The boulder beetle bites you!! The boulder beetle bites you!
* * * LOW HITPOINT WARNING * * *
You are too injured to fight recklessly!
You are too injured to fight recklessly!
Unknown command.
Casting: Mephitic Cloud (dangerous; 4% risk of failure)
Confirm with . or Enter, or press ? or * to list all spells.
Aiming: Mephitic Cloud (dangerous; 4% risk of failure)
Press: ? - help, Shift-Dir - straight line, f/p - boulder beetle
Aim: a boulder beetle (severely wounded, chance to affect: 43%)
The ball explodes into a vile cloud!
The stinking cloud engulfs the boulder beetle but does no damage.
The boulder beetle is severely wounded.
The stinking cloud engulfs you but does no damage.
The boulder beetle is engulfed in noxious fumes.
The boulder beetle appears confused.
The boulder beetle barely misses you.
Unknown command.
The boulder beetle is engulfed in noxious fumes.
The boulder beetle appears confused.
The boulder beetle closely misses you.
You barely miss the boulder beetle.
You claw the boulder beetle, but do no damage.
You peck the boulder beetle, but do no damage.
The boulder beetle is severely wounded.
The boulder beetle is engulfed in noxious fumes.
You catch the helpless boulder beetle completely off-guard!
You hit the boulder beetle but do no damage.
You claw the boulder beetle.
You peck the boulder beetle, but do no damage.
The boulder beetle is severely wounded.
The boulder beetle bites you!
You hit the boulder beetle.
The boulder beetle is severely wounded.
The boulder beetle is engulfed in noxious fumes.
The boulder beetle bites you!!
* * * LOW HITPOINT WARNING * * *
You hit the boulder beetle but do no damage.
The boulder beetle is severely wounded.
The boulder beetle seems less confused.
The boulder beetle bites you!
You die...

#..........####.#....##.#
#..........##...####.....
#..[.......##...#..'....#
#..........##...#.##.....
#...........#...#.###....
######......#...#.# #....
#...$..#...#.# #....
###......###.#.# #....
#....@....##.#.######.
#.....B...##.#...####.
#.........##.###.#..+.
#.........#>.#<#.#.##.
#.........#..#...#..'.
#.........##.#...####.
#.........##.##.....+.
#.........##.#...####.
############.#.###..+.


You could see a boulder beetle.

Vanquished Creatures
  A two-headed ogre (D:10)
  Nergalle (D:10)
  Pikel (Temple)
  Psyche (D:9)
  4 trolls (D:10)
  Grinder (D:6)
  A hornet (D:8)
  Sigmund (D:5)
  A wraith (D:11)
  12 yaks
  Eustachio (D:4)
  3 steam dragons (D:6)
  4 vampire mosquitoes (D:8)
  Menkaure (D:5)
  Edmund (D:4)
  2 water moccasins
  4 orc warriors
  3 necrophages
  An ice beast (D:4)
  9 centaurs
  A phantom (D:5)
  3 kobold brigands
  2 bullfrogs
  A gnoll sergeant (D:7)
  A scorpion (D:6)
  A wyvern zombie (D:8)
  A water moccasin zombie (D:5)
  A water moccasin skeleton (D:7)
  15 killer bees
  2 howler monkeys (D:8)
  2 bullfrog zombies
  3 jellies
  2 centaur zombies
  2 hounds (D:5)
  3 centaur skeletons (D:7)
  4 orc priests
  4 iguanas
  11 orc wizards
  2 howler monkey zombies
  9 gnolls
  A howler monkey skeleton (D:7)
  8 adders
  A shadow imp (D:5)
  A white imp (D:7)
  2 ufetubi
  An adder skeleton (D:5)
  A worm (D:2)
  3 dart slugs
  27 orcs
  6 bats
  5 endoplasms
  A giant cockroach (D:2)
  A goblin (D:4)
  5 hobgoblins
  13 kobolds
  3 quokkas
  7 ball pythons
  A frilled lizard (D:2)
  7 rats (D:2)
217 creatures vanquished.

Vanquished Creatures (others)
  17 fulminant prisms
17 creatures vanquished.

Grand Total: 234 creatures vanquished

Notes
Turn   | Place    | Note
-------+----------+-------------------------------------------
     0 | D:1      | siradein the Tengu Conjurer began the quest for the Orb.
     0 | D:1      | Reached XP level 1. HP: 10/10 MP: 4/4
   291 | D:1      | You fall into a shaft and drop 1 floor!
   294 | D:2      | Reached XP level 2. HP: 16/16 MP: 3/6
   337 | D:2      | Reached XP level 3. HP: 20/20 MP: 1/7
   745 | D:2      | Reached skill level 1 in Fighting
   908 | D:2      | Learned a level 2 spell: Searing Ray
  1015 | D:2      | Reached XP level 4. HP: 25/25 MP: 4/8
  1018 | D:2      | Reached skill level 6 in Conjurations
  1969 | D:3      | Gained mutation: Your magical nature lets you fly swiftly
                  | and evasively. [Tengu growth]
  1969 | D:3      | Reached XP level 5. HP: 27/30 MP: 4/10
  2718 | D:4      | Noticed an ice beast
  2805 | D:4      | Killed an ice beast
  2806 | D:4      | Reached XP level 6. HP: 36/36 MP: 3/12
  2913 | D:4      | Noticed a water moccasin
  2925 | D:4      | Killed a water moccasin
  2926 | D:4      | Reached skill level 7 in Conjurations
  2930 | D:4      | Learned a level 3 spell: Dazzling Flash
  2935 | D:4      | Learned a level 4 spell: Fulminant Prism
  3054 | D:4      | Noticed Eustachio
  3242 | D:4      | Killed Eustachio
  3243 | D:4      | Reached XP level 7. HP: 18/41 MP: 4/13
  3602 | D:4      | Found the ring of the Tortoise {AC+8}
  3956 | D:4      | Reached skill level 5 in Dodging
  4046 | D:4      | Noticed Edmund
  4058 | D:4      | Killed Edmund
  4059 | D:4      | Reached XP level 8. HP: 48/48 MP: 1/15
  4448 | D:5      | Entered Level 5 of the Dungeon
  4543 | D:5      | Noticed Menkaure
  4593 | D:5      | Killed Menkaure
  4594 | D:5      | Reached skill level 8 in Conjurations
  4789 | D:5      | Noticed Sigmund
  4797 | D:5      | Killed Sigmund
  4857 | D:5      | Found a staircase to the Ecumenical Temple.
  4866 | Temple   | Entered the Ecumenical Temple
  4978 | Temple   | Became a worshipper of Sif Muna the Loreminder
  5183 | D:5      | Noticed Pikel
  5451 | Temple   | Killed Pikel
  5452 | Temple   | Reached skill level 5 in Fighting
  5452 | Temple   | Reached skill level 5 in Spellcasting
  5452 | Temple   | Reached skill level 1 in Invocations
  5452 | Temple   | Reached XP level 9. HP: 54/54 MP: 12/17
  5600 | D:5      | Reached skill level 9 in Conjurations
  6325 | D:5      | Learned a level 4 spell: Iskenderun's Mystic Blast
  6839 | D:6      | Found Viuvume's Armour Shop.
  7322 | D:6      | Found a radiant altar of Vehumet.
  7334 | D:6      | Noticed Grinder
  7345 | D:6      | Paralysed by Grinder for 2 turns
  7348 | D:6      | Killed Grinder
  7471 | D:6      | Reached * piety under Sif Muna
  7684 | D:7      | Reached skill level 10 in Conjurations
  7808 | D:7      | Reached XP level 10. HP: 53/61 MP: 11/20
  9120 | D:8      | Reached ** piety under Sif Muna
  9281 | D:8      | Got the Papyrus of the Neverending Demons
  9288 | D:8      | Learned a level 3 spell: Mephitic Cloud
  9293 | D:8      | Learned a level 4 spell: Hailstorm
  9536 | D:8      | Identified the +9 war axe "Jaiggaza" {holy, rPois rC++
                  | Will+ SInv}
 10180 | D:8      | Reached skill level 11 in Conjurations
 10183 | D:8      | Reached skill level 5 in Invocations
 10873 | D:9      | Reached XP level 11. HP: 49/67 MP: 11/22
 11398 | D:9      | Noticed Psyche
 11410 | D:9      | Killed Psyche
 11558 | D:10     | Entered Level 10 of the Dungeon
 11634 | D:10     | Noticed Snorg
 11952 | D:10     | Noticed a two-headed ogre
 12201 | D:10     | Reached *** piety under Sif Muna
 12372 | D:10     | Found a staircase to the Orcish Mines.
 13211 | D:10     | Noticed Nergalle
 13242 | D:10     | Noticed a spectral orc warlord
 13242 | D:10     | Killed Nergalle
 13711 | D:11     | Found a large runed translucent door.
 13711 | D:11     | Found a large runed translucent door.
 13713 | D:11     | Noticed jejorda2's ghost (journeyman MfBe)
 13743 | D:11     | Noticed a boulder beetle
 13922 | D:10     | Reached skill level 12 in Conjurations
 14019 | D:11     | Noticed a boulder beetle
 14141 | D:10     | Killed a two-headed ogre
 14142 | D:10     | Reached skill level 1 in Air Magic
 14624 | D:11     | Found a staircase to the Lair.
 14745 | D:11     | Slain by a boulder beetle

Illustrated notes

Levels and vault maps discovered:
D:1:      lemuel_arrival_funnel, layout_rooms
D:2:      layout_basic, serial_corexii_hall, chequers_hall_statues_y,
          chequers_hall_statues_wall_a, minmay_misc_feat_secret_circle,
          nicolae_elevator_lobby_plus
D:3:      layout_basic
D:4:      layout_loops_corners, uniq_edmund, uniq_eustachio
D:5:      layout_loops_ring, minmay_temple_entry_junction,
          hangedman_decor_clover_reticule, uniq_menkaure, uniq_pikel,
          uniq_sigmund
D:6:      cheibrodos_steamvent, layout_basic, mainiacjoe_overflow_cross_hatched,
          serial_shops, shop, uniq_grinder
D:7:      layout_cave_pools
D:8:      layout_loops_corners, corexii_checkpoint_b
D:9:      layout_rooms, uniq_psyche
D:10:     layout_stronghold, minmay_orc_entry_temple_small, uniq_snorg,
          uniq_nergalle
D:11:     layout_basic, lair_entry_dummy, ebering_ghost_disaster_area
Temple:   compressed_dpeg_circular_temple

Skill      XL: |  1  2  3  4  5  6  7  8  9 10 11 |
---------------+----------------------------------+-----
Fighting       | 1 2 3 4 5 6 7 8 |  8.3
Dodging        | 3 4 5 6 7 8 9 |  9.6
Conjurations   | 6 7 8 10 11 12 | 12.1
Spellcasting   | 3 4 5 6 7 8 |  8.0
Invocations    | 1 3 5 6 |  6.2
Air Magic      | 1 |  1.5
Stealth        | |  2.0

Action                   |  1- 3 |  4- 6 |  7- 9 | 10-12 || total
-------------------------+-------+-------+-------+-------++-------
Melee: Whip              |       |       |    15 |       ||    15
       Peck              |       |       |     7 |    13 ||    20
       Kick              |       |       |     5 |    18 ||    23
       War axe           |       |       |       |    33 ||    33
       Punch             |       |       |       |     1 ||     1
 Cast: Magic Dart        |    38 |    43 |    90 |   141 ||   312
       Searing Ray       |     2 |    14 |    56 |   102 ||   174
       Fulminant Prism   |       |       |     2 |    15 ||    17
       Mephitic Cloud    |       |       |       |    37 ||    37
Invok: Channel Magic     |       |       |       |     1 ||     1
  Use: Scroll            |       |       |     8 |     3 ||    11
 Stab: Confused          |       |       |       |     4 ||     4
Armor: Robe              |       |     6 |    21 |       ||    27
       Steam dragon scal |       |       |     7 |    28 ||    35
       Troll leather arm |       |       |       |    51 ||    51
Dodge: Dodged            |     5 |    29 |    67 |   323 ||   424

Table legend: (Time is in decaauts)
 A = Elapsed time spent in this place.
 B = Non-inter-level travel time spent in this place.
 C = Inter-level travel time spent in this place.
 D = Time resting spent in this place.
 E = Time spent auto-exploring this place.
 F = Levels seen in this place.
 G = Mean time per level.
                   A        B        C        D        E       F      G
               +--------+--------+--------+--------+--------+-----+--------+
         Total |  14203 |  14034 |    169 |   1353 |  10004 |  12 | 1183.6 |
       Dungeon |  13833 |  13664 |    169 |   1323 |   9931 |  11 | 1257.5 |
        Temple |    370 |    370 |      0 |     30 |     72 |   1 |  370.0 |
               +--------+--------+--------+--------+--------+-----+--------+

Top non-repeatable levels by time:
    D:10: 2121 daAuts
     D:8: 1813 daAuts
     D:2: 1563 daAuts
     D:5: 1500 daAuts
     D:4: 1470 daAuts
     D:6: 1316 daAuts
     D:9: 1068 daAuts
     D:7: 1048 daAuts
     D:3: 1010 daAuts
    D:11: 627 daAuts
  Temple: 370 daAuts
     D:1: 291 daAuts
